 Dungeon Crawl Stone Soup version 0.28.0-47-ge53b351184 (webtiles) character file.

Game seed: 1559920382875262442

426 101zpm the Magician (level 7, 0/45 HPs)
             Began as a Djinni Fire Elementalist on Apr 30, 2022.
             Killed by an exploding Eustachio (13 damage)
             ... ignited by their inner flame
             ... on level 5 of the Dungeon.
             The game lasted 00:05:05 (4021 turns).

101zpm the Magician (Djinni Fire Elementalist)      Turns: 4021, Time: 00:05:07

Health: 0/45       AC:  2    Str:  7    XL:     7   Next: 18%
Gold:   109        EV: 12    Int: 19    God:
                   SH:  0    Dex: 13

rFire   + + .      SeeInvis +   (no weapon)
rCold   x . .      Faith    .   j - orb {light}
rNeg    . . .      Spirit   .   a - +0 robe
rPois   ∞          Reflect  .   (no helmet)
rElec   .          Harm     .   (no cloak)
rCorr   .          Rampage  .   (no gloves)
Will    .....                   (boots unavailable)
Stlth   +.........              (no amulet)
HPRegen 0.15/turn               g - ring of see invisible
MPRegen 0.00/turn               (no ring)

@: flying, glowing
A: sickness immunity, fire resistance 2, cold vulnerability 1, float, innate
caster, HP casting, extra vitality 1
a: no special abilities


You were on level 5 of the Dungeon.
You visited 1 branch of the dungeon, and saw 5 of its levels.

You collected 109 gold pieces.

Inventory:

Armour
 a - a +0 robe (worn)
 j - an orb of light (worn)
Jewellery
 g - a ring of see invisible (left hand)
 k - an amulet of regeneration
Wands
 d - a wand of mindburst (15)
Scrolls
 c - a scroll of acquirement {unknown}
 e - 2 scrolls of teleportation {unknown}
 f - a scroll of magic mapping {unknown}
 h - a scroll of noise {unknown}
 i - 2 scrolls of blinking {unknown}
Potions
 b - 2 potions of curing {unknown}


   Skills:
 + Level 2.7 Dodging
 + Level 2.8 Stealth
 + Level 5.3 Spellcasting


You couldn't memorise any spells.
You knew the following spells:

 Your Spells              Type           Power      Damage    Failure   Level
a - Foxfire               Conj/Fire      100%       2x1d9     1%          1
b - Scorch                Fire           50%        2d7       1%          2
c - Conjure Flame         Conj/Fire      25%        6-21      4%          3
d - Inner Flame           Hex/Fire       25%        N/A       4%          3
e - Flame Wave            Conj/Fire      25%        2d7       13%         4
f - Shock                 Conj/Air       100%       1d9       1%          1
g - Passwall              Tmut/Erth      20%        N/A       1%          2
h - Portal Projectile     Hex/Tloc       50%        N/A       4%          3
Your spell library was empty.

Dungeon Overview and Level Annotations

Branches:
Dungeon (5/15)
 Temple: D:4-7

Altars:
Hepliaklqana
Trog


Innate Abilities, Weirdness & Mutations

You are immune to sickness and miasma.
You are immune to poison.
Your flesh is very heat resistant. (rF++)
You are vulnerable to cold. (rC-)
You float through the air rather than walking.
You learn spells naturally, not from books.
Your magical power is your life essence.
You have superior vitality. (+4 MHP)


Message History

Eustachio's fire resistance burns away.
Your foxfire dissipates!
Casting: Scorch (safe; 1% risk of failure)
Confirm with . or Enter, or press ? or * to list all spells.
Flames lash Eustachio.
Eustachio is burned terribly!
Flame seeps out of Eustachio.
Eustachio is lightly wounded.
Casting: Scorch (safe; 1% risk of failure)
Confirm with . or Enter, or press ? or * to list all spells.
Flames lash Eustachio.
Eustachio is burned terribly!
Flame seeps out of Eustachio.
Eustachio is moderately wounded.
Eustachio barely misses you.
Casting: Scorch (safe; 1% risk of failure)
Confirm with . or Enter, or press ? or * to list all spells.
Flames lash Eustachio.
Eustachio is burned terribly!
Flame seeps out of Eustachio.
Eustachio is heavily wounded.
Eustachio says, "Summoning is fun!"
Eustachio misses you.
Casting: Scorch (safe; 1% risk of failure)
Confirm with . or Enter, or press ? or * to list all spells.
Flames lash Eustachio.
Eustachio is burned terribly!
Flame seeps out of Eustachio.
Eustachio is almost dead.
Eustachio hits you with a +0 rapier.
Casting: Scorch (safe; 1% risk of failure)
Confirm with . or Enter, or press ? or * to list all spells.
Flames lash Eustachio.
Eustachio is burned terribly!
Flame seeps out of Eustachio.
Eustachio is almost dead.
Eustachio hits you with a +0 rapier.
You are too injured to fight recklessly!
Casting: Scorch (safe; 1% risk of failure)
Confirm with . or Enter, or press ? or * to list all spells.
Flames lash Eustachio.
Eustachio is burned terribly!
* * * LOW HITPOINT WARNING * * *
Eustachio explodes!
The fiery explosion engulfs you! You resist.
You die...

#..........#
#####.......#
#.. #......##
._ #..)...##
.. #.......#
#v##.......#
#§#........#
#§#........#
#§@........#
#.........##
###......##
########


There were no monsters in sight!

Vanquished Creatures
  Eustachio (D:5)
  2 ogres (D:4)
  A necrophage (D:3)
  A hound (D:4)
  An orc priest (D:3)
  An orc wizard (D:3)
  2 adders
  An ufetubus (D:4)
  An adder skeleton (D:4)
  A worm (D:3)
  2 dart slugs
  8 orcs
  2 giant cockroaches
  7 goblins
  3 hobgoblins
  2 jackals (D:1)
  7 ball pythons
  2 bats
  3 kobolds
  2 rats
50 creatures vanquished.

Vanquished Creatures (collateral kills)
  2 foxfires (D:4)
2 creatures vanquished.

Vanquished Creatures (others)
  271 foxfires
  A plant (D:4)
272 creatures vanquished.

Grand Total: 324 creatures vanquished

Notes
Turn   | Place    | Note
-------+----------+-------------------------------------------
     0 | D:1      | 101zpm the Djinni Fire Elementalist began the quest for the
                  | Orb.
     0 | D:1      | Reached XP level 1. HP: 15/15 MP: 0/0
   391 | D:1      | Reached XP level 2. HP: 10/21 MP: 0/0
  1247 | D:3      | Noticed a necrophage
  1259 | D:3      | Killed a necrophage
  1260 | D:3      | Reached skill level 3 in Spellcasting
  1260 | D:3      | Reached XP level 3. HP: 11/25 MP: 0/0
  1260 | D:3      | Learned a level 1 spell: Shock
  1260 | D:3      | Reached XP level 4. HP: 13/31 MP: 0/0
  1260 | D:3      | Reached XP level 5. HP: 15/35 MP: 0/0
  1260 | D:3      | Learned a level 2 spell: Passwall
  1754 | D:3      | Reached skill level 4 in Spellcasting
  2453 | D:4      | Reached XP level 6. HP: 34/40 MP: 0/0
  2574 | D:4      | Found a bloodstained altar of Trog.
  2596 | D:4      | Noticed an ogre
  2603 | D:4      | Killed an ogre
  3091 | D:4      | Noticed an ogre
  3096 | D:4      | Killed an ogre
  3097 | D:4      | Reached skill level 5 in Spellcasting
  3097 | D:4      | Reached XP level 7. HP: 34/45 MP: 0/0
  3097 | D:4      | Learned a level 3 spell: Portal Projectile
  3979 | D:5      | Entered Level 5 of the Dungeon
  4007 | D:5      | Found a hazy altar of Hepliaklqana.
  4007 | D:5      | Noticed Eustachio
  4021 | D:5      | Killed Eustachio
  4021 | D:5      | Killed by an exploding Eustachio... ignited by their inner
                  | flame

Illustrated notes

Levels and vault maps discovered:
D:1:      wander_arrival_chamber, layout_loops_ring,
          hellmonk_ecumenical_altar_prayer_group, minmay_strange_pillars
D:2:      layout_basic
D:3:      layout_basic
D:4:      layout_basic, lemuel_round_altar, serial_forest,
          infiniplex_forest_lined_3, infiniplex_forest_lined_ring,
          infiniplex_forest_zigzag_1, infiniplex_forest_lined_2,
          infiniplex_forest_straight_5, infiniplex_forest_clump_double,
          infiniplex_forest_clump_long, infiniplex_forest_clump_tiny,
          infiniplex_forest_lined_ring, minmay_misc_feat_doors
D:5:      layout_rooms, nzn_hepliaklqana_mist_gate, uniq_eustachio, uniq_ijyb

Skill      XL: |  1  2  3  4  5  6 |
---------------+-------------------+-----
Stealth        | 2 |  2.8
Spellcasting   | 3 4 5 |  5.3
Dodging        | |  2.7

Action                   |  1- 3 |  4- 6 |  7- 9 || total
-------------------------+-------+-------+-------++-------
 Cast: Foxfire           |    73 |    91 |    17 ||   181
       Scorch            |     1 |     1 |     8 ||    10
       Inner Flame       |       |    12 |     6 ||    18
Dodge: Dodged            |     1 |     2 |     3 ||     6
